 Dungeon Sprint DCSS version 0.23-b1-70-gd12f7cf (webtiles) character file.

Game seed: 2186513743426154165

68 poirepourri the Covert (level 4, 0/21 HPs)
             Began as a Spriggan Enchanter on Feb 6, 2019.
             Slain by a worker ant (3 damage)
             ... in the Dungeon (Sprint II: "The Violet Keep of Menkaure").
             The game lasted 00:00:35 (60 turns).

poirepourri the Covert (Spriggan Enchanter)           Turns: 60, Time: 00:00:36

Health: 0/21       AC:  2    Str:  4    XL:     4   Next: 1%
Magic:  9/9        EV: 18    Int: 16    God:
Gold:   0          SH:  0    Dex: 17    Spells: 7/8 levels left

rFire    . . .     SeeInvis +   a - +1 dagger
rCold    . . .     Gourm    .   (shield restricted)
rNeg     . . .     Faith    .   b - +0 robe
rPois    .         Spirit   .   (helmet restricted)
rElec    .         Reflect  .   (no cloak)
rCorr    .         Harm     .   (gloves unavailable)
MR       .....     NoTele   +   (boots unavailable)
Stlth    +++++.....             (no amulet)
HPRegen  0.07/turn              (no ring)
MPRegen  0.11/turn              (no ring)

@: lethally poisoned (0 -> -8), very quick
A: very small, unfitting armour, see invisible, herbivore, speed 3, slow
metabolism 2
a: no special abilities


You were in the Dungeon.
You were not hungry.

You visited 1 branch

Inventory:

Hand Weapons
 a - a +1 dagger (weapon)
Armour
 b - a +0 robe (worn)
Scrolls
 j - a scroll of blinking
Potions
 g - a potion of haste
 h - 2 potions of magic
Comestibles
 d - a ration


   Skills:
 - Level 1.1 Short Blades
 - Level 3.0 Dodging
 + Level 12.5 Stealth
 - Level 2.6 Spellcasting
 - Level 3.6 Hexes


You had 7 spell levels left.
You knew the following spells:

 Your Spells              Type           Power        Failure   Level  Hunger
a - Corona                Hex            ##.....      4%          1    #......

Your spell library contained the following spells:

 Spells                   Type           Power        Failure   Level  Hunger
 Confuse                  Hex            ##......     13%         3    ###....
 Tukima's Dance           Hex            ##......     13%         3    ###....
 Ensorcelled Hibernation  Hex/Ice        #.....       14%         2    ##.....
 Dazzling Spray           Conj/Hex       #.....       28%         3    ###....


Dungeon Overview and Level Annotations

Branches:
Dungeon (1/1)

Altars:


Innate Abilities, Weirdness & Mutations

You are very small and have problems with some larger weapons.
You are too small for most types of armour.
You have supernaturally acute eyesight. (SInv)
You are a herbivore.
You cover ground extremely quickly.
You need to consume almost no food.


Message History

The worker ant is severely wounded.
* * * LOW HITPOINT WARNING * * *
You feel sick. The worker ant misses you.
You closely miss the worker ant.
The worker ant is severely wounded.
* * * LOW HITPOINT WARNING * * *
You feel sick. The worker ant completely misses you.
You hit the worker ant but do no damage.
The worker ant is severely wounded.
The worker ant barely misses you.
Okay, then.
You hit the worker ant but do no damage.
The worker ant is severely wounded.
* * * LOW HITPOINT WARNING * * *
You feel sick. The worker ant closely misses you.
You hit the worker ant but do no damage.
The worker ant is severely wounded.
* * * LOW HITPOINT WARNING * * *
You feel sick. The worker ant bites you.
You die...

## ## H# #H #
$#. # ##. #+#
.##
#.m.##.##w..#
#$+.<.+#
#...##@##w..#
##. #a# .## #
#$# # .#. . .
## ##


You could see a worker ant.

Vanquished Creatures
  3 worker ants (D)
3 creatures vanquished.

Notes
Turn   | Place    | Note
-------+----------+-------------------------------------------
     0 | D        | poirepourri the Spriggan Enchanter began the quest for the
                  | Orb.
     0 | D        | Reached XP level 1. HP: 9/9 MP: 5/5
     1 | D        | Noticed a hippogriff
     1 | D        | Noticed a hippogriff
     5 | D        | Noticed a merfolk siren
     9 | D        | Noticed a tyrant leech
     9 | D        | Noticed a tyrant leech
    13 | D        | Noticed a worker ant
    13 | D        | Noticed a worker ant
    13 | D        | Noticed a worker ant
    14 | D        | Noticed a worker ant
    18 | D        | Killed a worker ant
    18 | D        | Reached skill level 9 in Stealth
    18 | D        | Reached XP level 2. HP: 13/13 MP: 6/6
    25 | D        | Reached skill level 11 in Stealth
    25 | D        | Reached XP level 3. HP: 8/16 MP: 8/8
    28 | D        | Reached skill level 12 in Stealth
    28 | D        | Reached XP level 4. HP: 10/21 MP: 9/9
    60 | D        | Slain by a worker ant

Skill      XL: |  1  2  3 |
---------------+----------+-----
Stealth        | 9 11 12 | 12.5
Short Blades   | |  1.1
Dodging        | |  3.0
Spellcasting   | |  2.6
Hexes          | |  3.6

Action                   |  1- 3 |  4- 6 || total
-------------------------+-------+-------++-------
Melee: Dagger            |    14 |    29 ||    43
  Use: Potion            |     1 |     2 ||     3
Dodge: Dodged            |     6 |    38 ||    44
